Map: Deathaura LE

Players

ImmortalBlad - Winner!

  • Race: Terran Terran
  • League: Gold
  • Spawn Location: 5:00

A.I. 1 (Elite)

  • Race: Terran Terran
  • Spawn Location: 11:00

VOD

Have the link to the VOD?

Description

Time

  • Played on: July 7, 2020, 6:15 p.m.
  • Length: 6:56
Show
View Real Time Build Order
Export as new Build Order

ImmortalBlad Terran - Winner!

Build Orders: 1/1/1, Liberator Opening 

Get SALT Encoding   

  12  0:01  SCV  
  13  0:13  SCV  
  14  0:17  Supply Depot  
  14  0:25  SCV  
  14  0:28  Refinery  
  15  0:39  SCV  
  16  0:45  Barracks  
  16  0:51  SCV  
  17  1:03  SCV  
  18  1:11  Refinery  
  18  1:15  SCV  
  19  1:22  Supply Depot  
  19  1:27  SCV  
  20  1:34  Factory  
  21  1:40  Orbital Command  
  21  1:44  Barracks Tech Lab  
  20  1:58  Supply Depot  
  20  2:03  Marauder  
  23  2:08  SCV  
  23  2:20  SCV  
  24  2:24  Starport  
  24  2:36  Siege Tank  
  27  2:40  Barracks Reactor  
  27  2:43  SCV  
  28  2:59  SCV, Supply Depot  
  29  3:26  Command Center  
  29  3:29  SCV  
  30  3:37  Supply Depot  
  30  3:42  SCV  
  30  3:44  Liberator  
  30  3:47  Barracks Reactor  
  34  3:56  SCV  
  34  3:59  Liberator  
  38  4:08  SCV  
  38  4:09  Supply Depot  
  39  4:20  SCV  
  39  4:21  Siege Tank  
  43  4:33  SCV  
  43  4:35  Marine x2  
  46  4:39  Viking  
  46  4:42  Viking  
  46  4:45  SCV  
  51  4:49  Refinery  
  51  4:51  Orbital Command  
  51  4:52  Refinery  
  51  4:57  SCV  
  51  4:58  Marine x2  
  54  5:06  Siege Tank  
  57  5:09  SCV  
  59  5:21  SCV  
  59  6:11  Marine x2  
  61  6:12  Liberator x2, Siege Tank  
  70  6:28  Marine  
Show
View Real Time Build Order
Export as new Build Order

A.I. 1 (Elite) Terran 

Build Orders:  

Get SALT Encoding   

  12  0:00  SCV  
  13  0:13  SCV  
  14  0:19  Supply Depot  
  14  0:25  SCV  
  15  0:40  SCV  
  16  0:43  Barracks  
  16  0:52  SCV  
  17  1:05  SCV  
  18  1:17  SCV, Supply Depot  
  19  1:21  Refinery  
  19  1:29  SCV  
  19  1:30  Marine  
  21  1:41  SCV  
  22  1:48  Marine  
  22  1:51  Barracks  
  22  1:53  SCV  
  24  1:55  Refinery  
  24  2:02  Supply Depot  
  24  2:05  SCV  
  24  2:06  Marine  
  26  2:17  SCV  
  27  2:24  Marine  
  27  2:27  Factory  
  27  2:29  SCV  
  29  2:38  Marine  
  29  2:42  SCV, Marine  
  32  2:54  SCV  
  32  2:56  Marine  
  34  2:59  Marine  
  35  3:06  SCV  
  36  3:13  Marine  
  36  3:17  Marine  
  36  3:18  SCV  
  39  3:20  Supply Depot  
  39  3:26  Factory Tech Lab  
  39  3:37  Starport  
  39  3:41  SCV, Marine  
  39  3:42  Marine  
  42  3:53  SCV  
  43  3:59  Marine  
  44  4:05  SCV  
  44  4:08  Barracks  
  45  4:18  SCV  
  45  4:21  Supply Depot  
  46  4:27  Starport Tech Lab  
  46  4:30  SCV  
  47  4:43  SCV, Marine x2, Siege Tank  
  47  4:44  Supply Depot  
  53  4:55  SCV  
  54  5:03  Barracks Tech Lab  
  53  5:07  SCV  
  53  5:09  Supply Depot  
  54  5:15  Liberator  
  54  5:19  SCV  
  58  5:23  Command Center  
  58  5:24  Marauder  
  60  5:37  Supply Depot  
  60  5:46  Marauder  
  61  5:58  Liberator  
  61  6:07  Marauder  
  61  6:10  Supply Depot  
  60  6:24  Barracks Tech Lab  
  60  6:28  Marauder  
  61  6:33  Marine  
Tags
 
League
Gold
Matchup
TvT
Race
Terran
Spawn Locations
Cross Positions
Add a new tag
Caveats
  • Supply blocks, unpowered buildings, or Contaminate may cause inaccurate times.
  • Supply counts are checked every 10 seconds.